AoeStats
← Talvi

Black Forest

504277956Analyzed
1v1 RM · 27d ago on Sep 4, 2026· 55m 9s· 2 players
Game mode
Random Map
Map size
Tiny (2 player)
Population
200
Speed
Normal
Resources
Standard
Victory
Conquest
Starting age
Dark Age
Ending age
Imperial Age
RankedLock teamsTeams togetherTeam positionsShared explorationLock speedFull tech treeHidden civsTurbo modeCheats
Victory
Defeat
🇩🇪 Khmer · Germany
551
+13
🇵🇱 Poles · Poland
482
-13
RAFAEL DYSZY
0:43 Loom
11:30 Feudal Age
13:12 Wheelbarrow
12:25 Double-Bit Axe
13:05 Horse Collar
15:51 Gold Mining
17:10 Stone Mining
23:04 Castle Age
21:07 Arson
23:13 Forging
23:04 Padded Archer Armor
24:00 Hand Cart
23:48 Heavy Plow
24:13 Bow Saw
25:39 Stone Shaft Mining
31:06 Ballistics
30:37 Guard Tower
30:58 Masonry
30:29 Treadmill Crane
30:45 Pikeman
31:25 Squires
31:34 Scale Barding Armor
32:04 Iron Casting
31:45 Leather Archer Armor
31:21 Fletching
31:33 Scale Mail Armor
31:21 Crossbowman
32:16 Elite Skirmisher
33:07 Light Cavalry
33:58 Bloodlines
33:48 Husbandry
35:04 Chain Barding Armor
35:38 Thumb Ring
40:10 Imperial Age
38:17 Bodkin Arrow
41:53 Chemistry
41:50 Crop Rotation
42:00 Keep
41:42 Arbalester
45:32 Winged Hussar
45:33 Cavalier
48:17 Blast Furnace
Talvi
15:41 Feudal Age
17:01 Wheelbarrow
16:11 Town Watch
16:10 Horse Collar
16:18 Double-Bit Axe
16:18 Man-at-Arms
18:19 Loom
18:35 Gold Mining
18:45 Arson
19:05 Stone Mining
25:23 Castle Age
26:49 Gold Shaft Mining
26:52 Stone Shaft Mining
26:18 Heavy Plow
26:40 Bow Saw
26:52 Husbandry
27:54 Bloodlines
27:06 Light Cavalry
30:09 Tusk Swords
30:22 Murder Holes
30:52 Hand Cart
31:13 Fervor
31:42 Fletching
33:13 Town Patrol
34:50 Ballistics
34:56 Forging
35:17 Long Swordsman
35:19 Pikeman
38:11 Iron Casting
37:42 Scale Barding Armor
37:44 Bodkin Arrow
38:31 Scale Barding Armor
39:04 Scale Mail Armor
39:26 Masonry
42:45 Imperial Age
40:29 Scale Mail Armor
43:03 Chain Barding Armor
45:11 Elite Battle Elephant
56:22 Plate Barding Armor
56:48 Blast Furnace
Connection lost

Rejoining the realm…

Still unreachable

The connection could not be restored.

Session expired

The server has moved on; the page needs a fresh start.